 Dungeon Crawl Stone Soup version 0.23.0 (webtiles) character file.

Game seed: 4327090312365137499

81 loopi the Magician (level 4, 0/36 HPs)
             Began as a Kobold Necromancer on Feb 23, 2019.
             Killed from afar by an orc wizard (11 damage)
             ... with a puff of flame
             ... on level 3 of the Dungeon.
             The game lasted 00:09:51 (3072 turns).

loopi the Magician (Kobold Necromancer)             Turns: 3072, Time: 00:09:51

Health: 0/36       AC: 22    Str:  3 (5)  XL:     4   Next: 67%
Magic:  2/10       EV:  3    Int: 13 (16) God:
Gold:   80         SH:  0    Dex: 15 (16) Spells: 10/12 levels left

rFire    . . .     SeeInvis +   b - +0 spear
rCold    . . .     Gourm    .   (shield restricted)
rNeg     + + +     Faith    .   (armour currently unavailable)
rPois    +         Spirit   .   (helmet currently unavailable)
rElec    .         Reflect  .   (cloak currently unavailable)
rCorr    .         Harm     .   (gloves currently unavailable)
MR       .....     NoTele   +   (boots currently unavailable)
Stlth    ++........             (no amulet)
HPRegen  0.12/turn              h - ring of see invisible
MPRegen  0.12/turn              (no ring)

@: tree-form
A: small, carnivore
a: no special abilities


You were on level 3 of the Dungeon.
You were completely stuffed.
You were a tree.
You visited 1 branch of the dungeon, and saw 3 of its levels.

You collected 80 gold pieces.

Inventory:

Hand Weapons
 b - a +0 spear (weapon)
 e - a +0 dagger
 l - a +0 hunting sling
Missiles
 d - 79 arrows
 g - 5 tomahawks (quivered)
 o - 60 stones
 r - 13 poisoned needles
Armour
 a - a +0 robe
 f - a +0 leather armour (melded)
 i - a +0 ring mail
Jewellery
 h - a ring of see invisible (left branch)
 v - an uncursed ring of protection from magic {unknown}
Scrolls
 j - a scroll of remove curse {unknown}
 m - 3 scrolls of teleportation {unknown}
 n - a scroll of fog {unknown}
 s - a scroll of identify {unknown}
 t - a scroll of immolation {unknown}
Potions
 k - a potion of lignification
 p - a potion of flight
Comestibles
 c - 5 rations
 u - a chunk of flesh


   Skills:
 - Level 2.4 Dodging
 - Level 2.6 Stealth
 * Level 4.6 Spellcasting
 - Level 4.0 Necromancy


You had 10 spell levels left.
You knew the following spells:

 Your Spells              Type           Power        Failure   Level  Hunger
a - Pain                  Necr           ##..         3%          1    None
b - Animate Skeleton      Necr           N/A          3%          1    None

Your spell library contained the following spells:

 Spells                   Type           Power        Failure   Level  Hunger
 Vampiric Draining        Necr           ##........   12%         3    ###....
 Regeneration             Chrm/Necr      #.........   26%         3    ###....
 Animate Dead             Necr           N/A          36%         4    ####...


Dungeon Overview and Level Annotations

Branches:
Dungeon (3/15)

Altars:

Annotations:
D:2 2 exclusions


Innate Abilities, Weirdness & Mutations

You are small and have problems with some larger weapons.
You are carnivorous and can eat meat at any time.


Message History

Sorry, you're not good enough to have a special ability.
The orc wizard hits you but does no damage.
It was a potion of degeneration.
There was something very wrong with that liquid.
You feel weakened.
You feel dopey.
You feel clumsy.
The orc wizard hits you but does no damage.
You barely miss the orc wizard.
The orc wizard is severely wounded.
The orc wizard hits you but does no damage.
You swing at nothing.
The orc wizard hits you but does no damage.
You nearly hit yourself!
You feel less confused.
The orc wizard mumbles some strange words.
The orc wizard flickers and vanishes for a moment.
You closely miss the orc wizard.
The orc wizard is severely wounded.
The orc wizard points at you and mumbles some strange words.
The puff of flame hits you!
You die...

.
..##########
#.?.......#
#......o#o#
#...o.<.#♣#
#.......#.#
#.......#.#
#.#+#####.#
# ..# ###


You could see an orc wizard (invisible).

Vanquished Creatures
  3 adders (D:2)
  A worm (D:2)
  2 dart slugs
  A leopard gecko (D:1)
  4 orcs (D:3)
  4 giant cockroaches
  5 goblins
  4 hobgoblins
  A kobold (D:2)
  2 quokkas (D:2)
  2 ball pythons (D:2)
  7 bats (D:1)
  A frilled lizard (D:1)
  4 rats
41 creatures vanquished.

Notes
Turn   | Place    | Note
-------+----------+-------------------------------------------
     0 | D:1      | loopi the Kobold Necromancer began the quest for the Orb.
     0 | D:1      | Reached XP level 1. HP: 10/10 MP: 3/3
   842 | D:1      | Reached XP level 2. HP: 15/15 MP: 2/5
  1518 | D:1      | Reached XP level 3. HP: 19/19 MP: 5/7
  1670 | D:2      | Noticed a moth of wrath
  2387 | D:2      | Learned a level 1 spell: Animate Skeleton
  2474 | D:2      | Reached XP level 4. HP: 18/24 MP: 3/10
  3072 | D:3      | Killed from afar by an orc wizard

Skill      XL: |  1  2  3 |
---------------+----------+-----
Spellcasting   | 3 4 |  4.6
Dodging        | |  2.4
Stealth        | |  2.6
Necromancy     | |  4.0

Action                   |  1- 3 |  4- 6 || total
-------------------------+-------+-------++-------
Melee: Spear             |     8 |    11 ||    19
       Unarmed           |     1 |       ||     1
 Cast: Pain              |    64 |    36 ||   100
  Use: Potion            |       |     3 ||     3
 Stab: Sleeping          |     1 |       ||     1
  Eat: Chunk             |    12 |     3 ||    15
Armor: Robe              |     7 |       ||     7
       Leather armour    |     4 |     1 ||     5
       Skin              |       |    13 ||    13
Dodge: Dodged            |    47 |     8 ||    55
